 Dungeon Crawl Stone Soup version 0.22-a0-480-g991dd4b (webtiles) character file.

142 Darkshadow the Chopper (level 5, 0/47 HPs)
             Began as a Hill Orc Monk on June 15, 2018.
             Was a Believer of Beogh.
             Slain by Grinder (3 damage)
             ... on level 3 of the Dungeon.
             The game lasted 00:22:32 (4020 turns).

Darkshadow the Chopper (Hill Orc Monk)              Turns: 4020, Time: 00:22:33

Health: 0/47       AC:  8    Str: 15    XL:     5   Next: 25%
Magic:  2/5        EV:  7    Int: 10    God:    Beogh [**....]
Gold:   137        SH:  0    Dex: 13    Spells: 4/4 levels left

rFire    . . .     SeeInvis .   a - +0 hand axe
rCold    . . .     Gourm    .   (no shield)
rNeg     . . .     Faith    .   o - +0 chain mail
rPois    .         Spirit   .   (no helmet)
rElec    .         Reflect  .   (no cloak)
rCorr    .         Harm     .   (no gloves)
MR       .....                  (no boots)
Stlth    ..........             (no amulet)
HPRegen  0.15/turn              (no ring)
MPRegen  0.09/turn              (no ring)

@: no status effects
A: no striking features
a: Smiting, Renounce Religion


You were on level 3 of the Dungeon.
You worshipped Beogh.
Beogh was pleased with you.
You were not hungry.

You visited 1 branch of the dungeon, and saw 3 of its levels.

You collected 137 gold pieces.

Inventory:

Hand Weapons
 a - a +0 hand axe (weapon)
 b - a +0 hunting sling
Missiles
 d - 85 stones (quivered)
 l - 31 sling bullets
 m - 2 throwing nets
 r - 5 tomahawks
Armour
 o - a +0 chain mail (worn)
Scrolls
 e - a scroll of teleportation
 j - 3 scrolls of noise
 p - a scroll of identify {unknown}
 q - 2 scrolls of magic mapping {unknown}
Potions
 f - a potion of agility {unknown}
 g - a potion of lignification {unknown}
 h - a potion of haste
 i - a potion of curing {unknown}
 k - a potion of resistance
 n - 2 potions of mutation {unknown}
 t - a potion of flight {unknown}
Comestibles
 c - 4 rations


   Skills:
 + Level 4.6 Fighting
 * Level 5.9 Axes
 - Level 3.1 Dodging
 - Level 1.8 Stealth
 + Level 0.3 Invocations


You had 4 spell levels left.
You didn't know any spells.
Your spell library contained the following spells:

 Spells                   Type           Power        Failure   Level  Hunger
 Confuse                  Hex            #.......     100%        3    ####...
 Confusing Touch          Hex            #.....       100%        1    ##.....
 Metabolic Englaciation   Hex/Ice        #.........   100%        5    ######.
 Petrify                  Tmut/Erth      #.......     100%        4    #####..
 Gell's Gravitas          Tloc           #.........   100%        3    ####...
 Yara's Violent Unravell  Hex/Tmut       #.........   100%        5    ######.


Dungeon Overview and Level Annotations

Branches:
Dungeon (3/15)

Altars:

Annotations:
D:3 Grinder


Message History

Okay, then.
You closely miss Grinder.
Grinder is almost dead.
Grinder gestures at you.
You barely resist. You hit Grinder but do no damage.
Grinder is almost dead.
Grinder gestures at you. Pain shoots through your body!
* * * LOW HITPOINT WARNING * * *
You hit Grinder.
Grinder is almost dead.
Grinder barely misses you.
You hit Grinder.
Grinder is almost dead.
Grinder closely misses you.
You closely miss Grinder.
Grinder is almost dead.
Grinder hits you.
You die...

.......#.#.# #.# #.##..........
.........#.## #.# #.##..######..
##..........###.####.##..######..
......)..............##....##....
##..........###.#######....##....
#..........## #.# #...#####..
#.##.....### #.#######....####..
#.####...######.#...#(..(........
#.# #....(....5@<...(#####.....#
#.# #..####.####.....#####..#.##
#.# #..# #.# ####....#......# #.#
#..# #.# ##...####....# #.# #..#
#.# ##.....###..#.# #.# #..# #.#
#.............#
#.####..####.#####..####....####
.....................##...###
..###.######.####....##...#######


You could see Grinder.

Vanquished Creatures
  3 gnolls
  2 adders
  A worm (D:2)
  2 dart slugs
  4 leopard geckos
  An orc (D:3)
  2 ball pythons
  10 bats
  7 giant cockroaches
  8 goblins
  3 hobgoblins
  6 jackals
  A quokka (D:3)
  7 frilled lizards
  6 kobolds
  11 rats
74 creatures vanquished.

Vanquished Creatures (others)
  An adder (D:3)
  An orc (D:3)
  A goblin (D:3)
3 creatures vanquished.

Grand Total: 77 creatures vanquished

Notes
Turn   | Place    | Note
-------+----------+-------------------------------------------
     0 | D:1      | Darkshadow the Hill Orc Monk began the quest for the Orb.
     0 | D:1      | Reached XP level 1. HP: 19/19 MP: 1/1
    63 | D:1      | Reached XP level 2. HP: 3/27 MP: 2/2
   676 | D:1      | Reached XP level 3. HP: 15/33 MP: 3/3
  1742 | D:2      | Reached skill level 5 in Axes
  1835 | D:2      | Reached XP level 4. HP: 39/40 MP: 4/4
  2558 | D:3      | Noticed a sky beast
  3120 | D:3      | Reached XP level 5. HP: 36/47 MP: 5/5
  3450 | D:3      | Became a worshipper of Beogh the Brigand
  3450 | D:3      | Reached * piety under Beogh
  3450 | D:3      | Reached ** piety under Beogh
  3892 | D:3      | Noticed Grinder
  3977 | D:3      | Paralysed by Grinder for 6 turns
  3999 | D:3      | Paralysed by Grinder for 3 turns
  4013 | D:3      | Paralysed by Grinder for 3 turns
  4020 | D:3      | Slain by Grinder

Vault maps used:
D:1:      onia_arrival_mini_spirals, hangedman_feature_mirror
D:3:      hangedman_decor_growths, kennysheep_pointless_box, uniq_grinder

Skill      XL: |  1  2  3  4 |
---------------+-------------+-----
Fighting       | 4 |  4.6
Axes           | 5 |  5.9
Dodging        | 3 |  3.1
Stealth        | |  1.8
Invocations    | |  0.3

Action                   |  1- 3 |  4- 6 || total
-------------------------+-------+-------++-------
Melee: Hand axe          |   120 |    94 ||   214
 Fire: Hunting sling     |    34 |    71 ||   105
Throw: Stone             |    13 |       ||    13
Invok: Smiting           |       |     1 ||     1
       Convert to Beogh  |       |     1 ||     1
  Use: Scroll            |       |     4 ||     4
       Potion            |       |     1 ||     1
  Eat: Chunk             |     3 |     3 ||     6
       Ration            |       |     1 ||     1
Armor: Robe              |    31 |       ||    31
       Ring mail         |    18 |    10 ||    28
       Chain mail        |       |   125 ||   125
Dodge: Dodged            |   133 |    92 ||   225

Table legend:
 A = Spawn XP
 B = Non-spawn XP
 C = Spawn XP percentage of total XP
 D = Spawn monster count
 E = Non-spawn monster count
 F = Spawn count percentage of total count
 G = Total turns spent on level
                    A         B        C        D         E        F      G
               +---------+---------+-------+---------+---------+-------+---------
         Total |       0 |     204 |   0.0 |       0 |      75 |   0.0 |  4020
               +---------+---------+-------+---------+---------+-------+---------
           D:1 |       0 |      96 |   0.0 |       0 |      36 |   0.0 |  2135
           D:2 |       0 |      53 |   0.0 |       0 |      21 |   0.0 |   773
           D:3 |       0 |      55 |   0.0 |       0 |      18 |   0.0 |  1112
               +---------+---------+-------+---------+---------+-------+---------
